 Dungeon Crawl Stone Soup version 0.29.0-4-gdea44cf6ec (webtiles) character file.

Game seed: 6152358630792085004

42 qw the Chopper (level 3, -1/21 HPs)
             Began as a Tengu Warper on Aug 28, 2022.
             Succumbed to an adder's poison
             ... on level 1 of the Dungeon.
             The game lasted 00:00:07 (1318 turns).

qw the Chopper (Tengu Warper)                       Turns: 1318, Time: 00:00:07

Health: -1/21      AC:  3    Str: 13    XL:     3   Next: 54%
Magic:  7/7        EV: 27    Int: 13    God:
Gold:   104        SH:  0    Dex: 13    Spells: 6/6 levels left

rFire   . . .      SeeInvis .   Y - +0 hand axe
rCold   . . .      Faith    .   (no shield)
rNeg    . . .      Spirit   .   b - +0 leather armour
rPois   .          Reflect  .   (helmet restricted)
rElec   .          Harm     .   (no cloak)
rCorr   .          Rampage  .   (no gloves)
Will    .....                   (boots unavailable)
Stlth   +.........              d - amulet of the acrobat
HPRegen 0.07/turn               (no ring)
MPRegen 0.10/turn               (no ring)

@: lethally poisoned (-1 -> -9), acrobatic
A: beak, talons 3
a: no special abilities


You were on level 1 of the Dungeon.
You visited 1 branch of the dungeon, and saw 2 of its levels.

You collected 104 gold pieces.


Innate Abilities, Weirdness & Mutations

You have a beak for a mouth.
You have claws for feet.


   Skills:
 - Level 2.0 Fighting
 + Level 4.2 Axes
 - Level 1.0 Throwing
 - Level 1.1 Armour
 - Level 2.1 Dodging
 - Level 2.0 Spellcasting
 - Level 2.4 Translocations


You had 6 spell levels left.
You didn't know any spells.
Your spell library contained the following spells:

 Spells                   Type           Power      Damage    Failure   Level
 Blink                    Tloc           14%        N/A       19%         2
 Gell's Gravitas          Tloc           7%         N/A       36%         3
 Lesser Beckoning         Tloc           7%         N/A       36%         3
 Teleport Other           Tloc           7%         N/A       36%         3
 Manifold Assault         Tloc           7%         N/A       98%         5

Inventory:

Hand Weapons
 e - a +0 club
 Y - a +0 hand axe (weapon)
Armour
 b - a +0 leather armour (worn)
Jewellery
 d - an amulet of the acrobat (around neck)
Scrolls
 i - a scroll of identify
Potions
 g - a potion of berserk rage {unknown}

Dungeon Overview and Level Annotations

Branches:
Dungeon (2/15)

Altars:


Message History

Assign waypoint to what number? (0-9, D - delete waypoint) Waypoint 1 assigned to D:2.
The adder hisses angrily.
You hit the adder but do no damage. Your kick misses the adder.
You peck the adder.
The adder is moderately wounded.
The adder bites you.
You are poisoned.
The adder poisons you!
1310 ||| STAIRDANCE You feel sick.
The adder bites you. The jackal closely misses you.
You climb upwards.
You feel sick.
There is a stone staircase leading down here.
You closely miss the adder. Your peck misses the adder.
The adder is lightly wounded.
You feel sick. The adder bites you but does no damage.
The adder closely misses you.
You barely miss the adder.
The adder is lightly wounded.
You feel sick. The adder bites you.
You hit the adder. You claw the adder. Your peck misses the adder.
The adder is heavily wounded.
You feel sick.
You are no longer poisoned.
The adder closely misses you. The adder bites you.
You are poisoned.
The adder poisons you!
You barely miss the adder. Your kick misses the adder.
The adder is heavily wounded.
You feel sick. The adder barely misses you.
You miss the adder.
The adder is heavily wounded.
You feel sick. The adder bites you.
You are more poisoned.
The adder poisons you!
You hit the adder.
You kill the adder!
You feel very sick.
There is a lethal amount of poison in your body!
You die...

##..#...#...#.# #...#####.....###
.........#.#..####'###....#######
#######.#.#.#...##............)..
#.......#.###....##########
#.:............###
##...)####.##..###########
#....##..............¤¤¤#
#######...#############¤#
#..@'........¤¤¤¤.#
#.%.############### #...# #...#
#...# #####


There were no monsters in sight!

Vanquished Creatures
  An adder (D:1)
  2 dart slugs (D:1)
  2 bats (D:1)
  An endoplasm (D:1)
  2 hobgoblins (D:1)
  A quokka (D:1)
  7 ball pythons (D:1)
  3 frilled lizards (D:1)
  4 goblins (D:1)
  2 kobolds (D:1)
  6 rats (D:1)
31 creatures vanquished.

Notes
Turn   | Place    | Note
-------+----------+-------------------------------------------
     0 | D:1      | qw the Tengu Warper began the quest for the Orb.
     0 | D:1      | Reached XP level 1. HP: 12/12 MP: 4/4
     0 | D:1      | 0 ||| qw: Version: 0.1-a-89-g26bdef1
     0 | D:1      | 0 ||| qw: Game counter: 514
     0 | D:1      | 0 ||| qw: Always use a shield: true
     0 | D:1      | 0 ||| qw: God list: Okawaru
     0 | D:1      | 0 ||| qw: Allow faded altars: false
     0 | D:1      | 0 ||| qw: Do Orc after D:15 true
     0 | D:1      | 0 ||| qw: Do second Lair branch before Depths: true
     0 | D:1      | 0 ||| qw: Lair rune preference: random
     0 | D:1      | 0 ||| qw: Plans: Normal
     0 | D:1      | 0 ||| PLANNING D:1-11
    87 | D:1      | Reached XP level 2. HP: 17/17 MP: 6/6
    93 | D:1      | Found a faded altar of an unknown god.
   100 | D:1      | Reached skill level 3 in Axes
   306 | D:1      | 306 ||| Stepping ~*~*~tactically~*~*~ (hiding).
   409 | D:1      | 409 ||| Stepping ~*~*~tactically~*~*~ (hiding).
   511 | D:1      | 511 ||| Stepping ~*~*~tactically~*~*~ (hiding).
   769 | D:1      | 769 ||| Stepping ~*~*~tactically~*~*~ (hiding).
   779 | D:1      | Reached XP level 3. HP: 20/21 MP: 7/7
  1087 | D:1      | Reached skill level 4 in Axes
  1284 | D:1      | 1284 ||| UPGRADING to amulet of the acrobat.
  1289 | D:1      | 1289 ||| READING scroll labelled FOLORU KEAMUT.
  1290 | D:1      | 1290 ||| READING scroll labelled CIENEH RYUGYCU.
  1291 | D:1      | 1291 ||| READING 2 scrolls labelled JIESAOSS WICLE.
  1292 | D:1      | 1292 ||| DROPPING scroll of blinking.
  1310 | D:2      | 1310 ||| STAIRDANCE
  1316 | D:1      | HP: 5/21 [poisoned by an adder]
  1317 | D:1      | HP: 1/21 [poisoned by an adder]
  1318 | D:1      | Succumbed to an adder's poison

Levels and vault maps discovered:
D:1:      mrwooster_arrival_statue, layout_basic,
          nicolae_ecumenical_snake_handling, interstate_on_off,
          minmay_tiny_reverse_x
D:2:      layout_loops_corners, uniq_natasha

Skill      XL: |  1  2  3 |
---------------+----------+-----
Axes           | 3 4 |  4.2
Fighting       | |  2.0
Throwing       | |  1.0
Armour         | |  1.1
Dodging        | |  2.1
Spellcasting   | |  2.0
Translocations | |  2.4

Action                   || total
-------------------------++-------
Melee: Hand axe          ||    76
       Peck              ||    10
       Kick              ||    18
Throw: Boomerang         ||     7
  Use: Scroll            ||     3
Armor: Leather armour    ||     9
Dodge: Dodged            ||    37

Table legend:
 A = Non-vault XP
 B = Vault XP
 C = Vault XP percentage of total XP
 D = Non-vault monster count
 E = Vault monster count
 F = Vault count percentage of total count
                 A         B        C        D         E       F
            +---------+---------+-------+---------+---------+-------
      Total |      53 |       7 |  11.7 |      26 |       5 |  16.1
            +---------+---------+-------+---------+---------+-------
        D:1 |      53 |       7 |  11.7 |      26 |       5 |  16.1
            +---------+---------+-------+---------+---------+-------
